Map: Pillars of Gold LE

Players

LiquidClem (Clem) - Winner!

  • Race: Terran Terran
  • League: Grandmaster
  • Spawn Location: 7:00

MaxPax

  • Race: Protoss Protoss
  • League: Grandmaster
  • Spawn Location: 1:00

Event: DreamHack SC2 Masters 2020 Winter

VOD

Have the link to the VOD?

Description

Time

  • Played on: Oct. 31, 2020, 11:35 a.m.
  • Length: 9:00

All games in this series

Show
View Real Time Build Order
Export as new Build Order

LiquidClem Terran - Winner!

Build Orders:  

Get SALT Encoding   

  12  0:00  SCV  
  13  0:12  SCV  
  14  0:18  Supply Depot  
  14  0:24  SCV  
  15  0:40  SCV  
  15  0:41  Barracks  
  16  0:45  Refinery  
  16  0:52  SCV  
  17  1:04  SCV  
  18  1:16  SCV  
  19  1:28  Orbital Command  
  19  1:29  Marine  
  20  1:49  Barracks Reactor  
  20  1:55  Command Center  
  20  1:58  SCV  
  21  2:05  Supply Depot  
  21  2:10  SCV  
  22  2:18  Factory  
  22  2:23  SCV  
  22  2:26  Marine x2  
  25  2:32  Refinery  
  25  2:36  SCV  
  26  2:44  Marine x2  
  26  2:48  SCV  
  29  3:01  SCV  
  29  3:04  Starport  
  30  3:08  Hellion x2  
  34  3:13  Orbital Command  
  34  3:16  SCV  
  35  3:28  SCV  
  35  3:32  Marine x2  
  38  3:38  Factory Tech Lab  
  38  3:40  SCV, Viking  
  40  3:44  Supply Depot  
  40  3:48  SCV  
  40  3:50  Marine x2  
  40  3:52  SCV  
  39  4:00  SCV  
  40  4:03  Cyclone  
  40  4:05  SCV  
  40  4:08  Marine x2  
  45  4:14  Viking  
  45  4:16  SCV  
  45  4:18  SCV  
  46  4:26  Marine x2  
  46  4:28  SCV  
  46  4:31  SCV  
  48  4:36  Supply Depot  
  48  4:37  Siege Tank  
  51  4:40  SCV  
  51  4:43  SCV  
  51  4:44  Marine  
  54  4:57  Marine, Viking, SCV x2  
  59  5:01  Marine  
  59  5:03  Supply Depot  
  60  5:09  SCV  
  60  5:12  SCV  
  60  5:15  Marine  
  60  5:19  Marine  
  61  5:21  SCV  
  61  5:25  SCV, Command Center, Siege Tank  
  61  5:27  Supply Depot  
  66  5:30  Viking  
  68  5:36  SCV  
  68  5:37  Barracks  
  68  5:39  SCV  
  70  5:44  Supply Depot  
  70  5:45  Marine  
  70  5:47  Marine  
  70  5:49  SCV  
  71  5:51  SCV  
  71  5:53  Barracks  
  71  5:57  Supply Depot  
  72  6:02  SCV  
  72  6:03  Marine  
  74  6:05  Marine  
  74  6:06  Bunker  
  74  6:11  Siege Tank  
  74  6:13  SCV  
  74  6:17  SCV  
  70  6:20  Marine, Viking  
  70  6:23  Marine  
  70  6:25  SCV  
  70  6:28  Supply Depot  
  70  6:31  Refinery  
  70  6:33  SCV, Refinery  
  70  6:39  Barracks Tech Lab, SCV  
  69  6:42  Marine  
  69  6:47  SCV  
  69  6:48  Engineering Bay  
  69  6:51  Barracks Tech Lab  
  69  6:52  Marine  
  69  6:55  Siege Tank  
  69  6:57  Marine  
  69  6:59  Marine  
  69  7:00  Orbital Command  
  71  7:04  Stimpack  
  71  7:06  Starport Reactor  
  71  7:09  Combat Shield  
  71  7:10  SCV  
  71  7:11  Marine  
  71  7:13  Marine  
  74  7:21  Supply Depot, Marine  
  75  7:25  Missile Turret  
  75  7:26  Marine  
  75  7:29  Marine  
  77  7:31  Marine  
  77  7:32  Siege Tank  
  77  7:35  SCV  
  76  7:39  Marine  
  76  7:43  SCV, Marine  
  68  7:44  SCV  
  68  7:47  Marine  
  68  7:49  Marine  
  70  7:53  Bunker  
  70  7:56  Supply Depot, Marine  
  71  8:01  Medivac, Marine  
  71  8:04  Medivac, Marine  
  75  8:06  Marine  
  75  8:09  Siege Tank  
  75  8:11  SCV  
  75  8:12  SCV  
  80  8:13  SCV  
  80  8:14  Marine  
  80  8:19  Marine  
  83  8:22  Marine  
  83  8:23  Barracks  
  83  8:24  Marine, Barracks  
  85  8:32  Marine  
  83  8:35  SCV x2  
  79  8:37  Marine  
  79  8:40  Marine  
Show
View Real Time Build Order
Export as new Build Order

MaxPax Protoss 

Build Orders: 1 Gate Expand, Oracle Opening 

Get SALT Encoding   

  12  0:00  Probe  
  13  0:12  Probe  
  14  0:17  Pylon  
  14  0:24  Probe  
  15  0:36  Probe (Chrono Boost)  
  15  0:41  Gateway  
  16  0:48  Probe (Chrono Boost)  
  17  0:51  Assimilator  
  17  0:54  Probe (Chrono Boost)  
  18  1:03  Probe  
  19  1:15  Probe  
  20  1:27  Cybernetics Core  
  20  1:39  Nexus  
  20  1:43  Probe  
  21  1:53  Pylon  
  20  1:55  Probe  
  21  2:02  Assimilator, Adept (Chrono Boost)  
  23  2:11  Probe  
  24  2:22  Adept (Chrono Boost)  
  24  2:23  Probe  
  27  2:35  Probe  
  27  2:36  Stargate  
  28  2:45  Adept  
  28  2:49  Probe (Chrono Boost)  
  31  2:51  Warp Gate  
  31  2:54  Probe (Chrono Boost)  
  32  3:04  Probe x2 (Chrono Boost)  
  34  3:09  Probe (Chrono Boost)  
  34  3:11  Probe  
  40  3:20  Probe  
  40  3:23  Probe  
  40  3:26  Oracle (Chrono Boost)  
  41  3:27  Gateway  
  41  3:33  Probe  
  42  3:36  Probe  
  43  3:48  Void Ray (Chrono Boost)  
  42  4:02  Gateway  
  42  4:09  Probe  
  42  4:13  Twilight Council  
  42  4:15  Probe  
  42  4:17  Pylon  
  43  4:24  Probe  
  43  4:27  Probe  
  43  4:28  Void Ray (Chrono Boost)  
  42  4:36  Probe  
  47  4:39  Probe  
  48  4:46  Gateway  
  48  4:47  Resonating Glaives (Chrono Boost)  
  48  4:48  Probe  
  48  4:51  Probe  
  48  5:00  Probe  
  48  5:01  Gateway, Adept  
  48  5:04  Adept  
  51  5:10  Adept  
  53  5:25  Gateway  
  53  5:28  Pylon  
  53  5:30  Probe  
  53  5:33  Pylon  
  54  5:37  Pylon  
  54  5:44  Gateway  
  54  5:46  Probe  
  54  5:49  Adept x3  
  61  6:00  Adept  
  61  6:02  Adept  
  57  6:11  Void Ray (Chrono Boost)  
  57  6:16  Adept x3  
  61  6:24  Adept x3  
  51  6:37  Pylon  
  51  6:38  Pylon  
  51  6:47  Adept x2  
  49  6:59  Adept x3  
  55  7:02  Gateway  
  55  7:04  Adept  
  57  7:10  Pylon, Adept x2  
  63  7:19  Adept x3  
  63  7:20  Adept  
  45  7:45  Adept x6  
  45  7:49  Adept, Probe  
  45  7:50  Probe  
  56  8:05  Zealot x3  
  56  8:06  Adept x2  
  56  8:11  Adept  
  66  8:13  Adept  
  66  8:17  Adept  
Tags
 
Add a new tag
Caveats
  • Supply blocks, unpowered buildings, or Contaminate may cause inaccurate times.
  • Supply counts are checked every 10 seconds.